 Dungeon Crawl Stone Soup version 0.26.1-15-g04117e645d (webtiles) character file.

Game seed: 8594558061216677100

506 Froggeryz the Cutter (level 7, -16/69 HPs)
             Began as an Octopode Berserker on Mar 2, 2022.
             Was a Believer of Trog.
             Demolished by an ogre
             ... wielding a +0 giant club
              (22 damage)
             ... on level 4 of the Dungeon.
             The game lasted 00:03:35 (3373 turns).

Froggeryz the Cutter (Octopode Berserker)           Turns: 3373, Time: 00:03:36

Health: -16/69     AC:  1    Str: 22    XL:     7   Next: 18%
Magic:  7/7        EV: 14    Int: 10    God:    Trog [**....]
Gold:   119        SH:  0    Dex: 13    Spells: 6/6 levels left

rFire    . . .     SeeInvis .   a - +0 short sword
rCold    . . .     Faith    .   (no shield)
rNeg     + . .     Spirit   .   (helmet restricted)
rPois    .         Reflect  .   (no amulet)
rElec    .         Harm     .   m - +6 ring of strength
rCorr    .         Rampage  .   h - ring of positive energy
Will     .....                  (no ring)
Stlth    ..........             (no ring)
HPRegen  0.21/turn              (no ring)
MPRegen  0.10/turn              (no ring)
                                (no ring)
                                (no ring)

@: berserking, lethally poisoned (-16 -> -19), very quick
A: almost no armour, stealthy swim, amphibious, 8 rings, constrict 8, camouflage
1, gelatinous body 1
a: Renounce Religion, Berserk, Trog's Hand


You were on level 4 of the Dungeon.
You worshipped Trog.
Trog was pleased with you.
You visited 1 branch of the dungeon, and saw 4 of its levels.

You collected 119 gold pieces.

Inventory:

Hand Weapons
 a - a +0 short sword (weapon)
Missiles
 p - 21 poisoned darts
Jewellery
 h - a ring of positive energy (right tentacle)
 m - a +6 ring of strength (left tentacle)
Wands
 q - a wand of random effects (22)
Scrolls
 b - 4 scrolls of noise {unknown}
 c - 6 scrolls of identify {unknown}
 e - 4 scrolls of remove curse {unknown}
 i - 3 scrolls of teleportation {unknown}
 k - 2 scrolls of fear {unknown}
 l - a scroll of immolation {unknown}
 n - 2 scrolls of enchant weapon {unknown}
Potions
 d - 3 potions of mutation {unknown}
 f - 2 potions of flight {unknown}
 g - a potion of lignification {unknown}
 j - a potion of cancellation {unknown}
 o - 2 potions of curing {unknown}


   Skills:
 - Level 3.0 Fighting
 * Level 6.7 Short Blades
 - Level 3.0 Dodging
 + Level 5.8 Stealth


You had 6 spell levels left.
You didn't know any spells.
Your spell library was empty.

Dungeon Overview and Level Annotations

Branches:
Dungeon (4/15)
 Temple: D:4-7

Altars:

Shops:
D:4 [

Annotations:
D:4 3 runed translucent doors, Ijyb


Innate Abilities, Weirdness & Mutations

You cannot wear most types of armour.
You are very stealthy in the water. (Stealth+)
You are amphibious.
You can wear up to eight rings at the same time.
You can use your tentacles to constrict eight enemies at once.
Your skin changes colour to match your surroundings (Stealth+).
Your rubbery body absorbs attacks. (AC +1, EV +1)


Message History

A red film seems to cover your vision as you go berserk!
You feel yourself moving faster!
You feel mighty!
You constrict the scorpion.
You feel sick. The scorpion closely misses you.
You hit the scorpion.
The scorpion is almost dead.
You constrict the scorpion.
The ogre hits you with a +0 giant club!!
* * * LOW HITPOINT WARNING * * *
You hit the scorpion.
You kill the scorpion!
Trog accepts your kill.
You puncture the ogre!
The ogre is moderately wounded.
You feel sick. The ogre closely misses you.
You hit the ogre.
The ogre is heavily wounded.
You barely miss the ogre.
The ogre is heavily wounded.
The ogre hits you with a +0 giant club!!
You die...

.#...........# #...?# .
.......##....###....#...
..#######....##........#
....#.................#
......................#
.................#....#
. ................#
...........†....#
.>...........@..#
..............O......
....###+###....#.... .g.
#.o.#..... #...#...##
###.. ..# ... .# ... ..


You could see an ogre and an orc.

Vanquished Creatures
  An ice beast (D:2)
  A scorpion (D:4)
  A hound (D:3)
  2 orc priests (D:3)
  2 orc wizards
  A worker ant (D:4)
  2 hound skeletons (D:3)
  A worker ant zombie (D:3)
  2 howler monkey skeletons
  7 adders
  An adder skeleton (D:4)
  3 worms
  11 orcs
  5 bats
  4 giant cockroaches
  3 goblins
  3 hobgoblins
  2 jackals (D:4)
  2 quokkas
  2 ball pythons
  A ball python skeleton (D:3)
  5 frilled lizards
  4 kobolds
  A leopard gecko skeleton (D:3)
  A leopard gecko zombie (D:3)
  A quokka skeleton (D:3)
  4 rats (D:3)
73 creatures vanquished.

Vanquished Creatures (others)
  2 withered plants (D:3)
2 creatures vanquished.

Grand Total: 75 creatures vanquished

Notes
Turn   | Place    | Note
-------+----------+-------------------------------------------
     0 | D:1      | Froggeryz the Octopode Berserker began the quest for the
                  | Orb.
     0 | D:1      | Reached XP level 1. HP: 16/16 MP: 1/1
   995 | D:1      | Reached skill level 1 in Stealth
  1094 | D:2      | Reached XP level 2. HP: 21/21 MP: 2/2
  1410 | D:2      | Reached XP level 3. HP: 13/26 MP: 3/3
  1659 | D:2      | Noticed an ice beast
  1664 | D:2      | Killed an ice beast
  1665 | D:2      | Reached skill level 4 in Short Blades
  1665 | D:2      | Reached XP level 4. HP: 17/31 MP: 4/4
  1665 | D:2      | Reached XP level 5. HP: 20/36 MP: 5/5
  2067 | D:3      | Reached skill level 5 in Short Blades
  2093 | D:3      | Reached ** piety under Trog
  2651 | D:3      | Reached XP level 6. HP: 35/42 MP: 6/6
  2934 | D:3      | Reached skill level 6 in Short Blades
  2934 | D:3      | Reached skill level 5 in Stealth
  3266 | D:4      | Found a runed translucent gate.
  3267 | D:4      | Found a runed translucent gate.
  3271 | D:4      | Found a runed translucent gate.
  3276 | D:4      | Found Zuhoyw Ufueh's Armour Emporium.
  3302 | D:4      | Reached XP level 7. HP: 27/46 MP: 7/7
  3360 | D:4      | Noticed Ijyb
  3373 | D:4      | Demolished by an ogre

Illustrated notes

Levels and vault maps discovered:
D:1:      nzn_arrival_depleted_hourglass, layout_basic, grunt_decor_cap
D:2:      layout_rooms, st_stairs_12
D:3:      layout_loops_cross, serial_undead, serial_undead_e, serial_undead_c,
          serial_undead_e, serial_undead_f, serial_undead_c, serial_undead_e,
          serial_undead_e, serial_undead_b, serial_undead_e, serial_undead_e,
          minmay_fractal_squares_5
D:4:      layout_cave_pools, kennysheep_little_box, serial_shops, shop,
          ebering_ghost_rock_garden, cheibrodos_sewer_entry_bend, uniq_ijyb

Skill      XL: |  1  2  3  4  5  6 |
---------------+-------------------+-----
Stealth        | 1 2 3 4 5 |  5.8
Short Blades   | 4 5 6 |  6.7
Fighting       | |  3.0
Dodging        | |  3.0

Action                   |  1- 3 |  4- 6 |  7- 9 || total
-------------------------+-------+-------+-------++-------
Melee: Short sword       |    30 |   119 |    10 ||   159
       Constrict         |    10 |    34 |     1 ||    45
       Tentacles         |     8 |    33 |       ||    41
Invok: Berserk           |     1 |       |     1 ||     2
 Stab: Sleeping          |     2 |    13 |       ||    15
Armor: Skin              |     4 |     7 |       ||    11
Dodge: Dodged            |    19 |    56 |     4 ||    79
